 Dungeon Crawl Stone Soup version 0.29-a0-757-g358383bc75 (webtiles) character file.

Game seed: 2382232294370766748

2355 HoaS the Skirmisher (level 9, -6/72 HPs)
             Began as a Gargoyle Hunter on June 30, 2022.
             Was a Believer of Makhleb.
             Mangled by a two-headed ogre
             ... wielding a +0 giant spiked club
              (8 damage)
             ... on level 8 of the Dungeon.
             The game lasted 00:13:43 (8010 turns).

HoaS the Skirmisher (Gargoyle Hunter)               Turns: 8010, Time: 00:13:43

Health: -6/72      AC: 24    Str: 15    XL:     9   Next: 44%
Magic:  9/9        EV:  2    Int: 10    God:    Makhleb [**....]
Gold:   382        SH:  0    Dex: 23    Spells: 8/8 levels left

rFire   . . .      SeeInvis .   (no weapon)
rCold   . . .      Faith    .   (no shield)
rNeg    + . .      Spirit   .   (body armour currently unavailable)
rPois   ∞          Reflect  .   (helmet currently unavailable)
rElec   .          Harm     .   (cloak currently unavailable)
rCorr   +          Rampage  .   (gloves currently unavailable)
Will    .....      NoTele   +   (boots currently unavailable)
Stlth   ++........              (no amulet)
HPRegen 0.22/turn               j - +6 ring of dexterity
MPRegen 0.11/turn               m - ring of resist corrosion

@: tree-form
A: stationary, stasis, torment immunity, boosted hp, sickness immunity, AC +6,
negative energy resistance 1, (electricity resistance), torment resistance 1,
petrification resistance
a: Renounce Religion, Minor Destruction


You were on level 8 of the Dungeon.
You worshipped Makhleb.
Makhleb was pleased with you.
You were a tree.
You visited 2 branches of the dungeon, and saw 9 of its levels.
You also visited: Ossuary.

You collected 382 gold pieces.

Inventory:

Hand Weapons
 a - a +4 shortbow
Missiles
 o - a throwing net
Armour
 t - a +0 ring mail of willpower (melded)
 v - a +2 helmet (melded)
 C - a +2 cloak (melded)
Jewellery
 e - a ring of protection from fire
 j - a +6 ring of dexterity (left branch)
 m - a ring of resist corrosion (right branch)
 r - a ring of positive energy
Wands
 c - a wand of polymorph (3)
Scrolls
 b - a scroll of immolation
 d - 3 scrolls of noise
 u - a scroll of teleportation
 x - 3 scrolls of fear
 y - 2 scrolls of fog
Potions
 f - a potion of berserk rage {unknown}
 g - 3 potions of lignification
 h - a potion of ambrosia {unknown}
 i - a potion of might {unknown}
 k - 2 potions of flight {unknown}
 l - 3 potions of resistance
 n - 3 potions of attraction {unknown}
 p - 4 potions of curing
 q - a potion of invisibility
 s - a potion of haste {unknown}
 w - a potion of brilliance {unknown}
 z - a potion of degeneration {unknown}
 A - 2 potions of cancellation {unknown}
 D - a potion of magic {unknown}


   Skills:
 - Level 2.1 Fighting
 + Level 12.9 Ranged Weapons
 - Level 1.5 Dodging
 - Level 1.1 Stealth


You had 8 spell levels left.
You didn't know any spells.
Your spell library contained the following spells:

 Spells                   Type           Power      Damage    Failure   Level
 Slow                     Hex            0%         N/A       36%         1
 Confusing Touch          Hex            0%         N/A       75%         3
 Vampiric Draining        Necr           0%         2d6       75%         3
 Corpse Rot               Necr/Pois/Air  0%         N/A       98%         4
 Dispel Undead            Necr           0%         3d6       98%         4
 Passage of Golubria      Tloc           0%         N/A       98%         4
 Silence                  Hex/Air        0%         N/A       100%        5
 Death Channel            Necr           0%         N/A       100%        6
 Lehudib's Crystal Spear  Conj/Erth      0%         10d2      100%        8


Dungeon Overview and Level Annotations

Branches:
Dungeon (8/15)             Temple (1/1) D:5         Ossuary (visited)
   Lair: D:8-11

Altars:
Ashenzari
Dithmenos
Elyvilon
Fedhas
Gozag
Hepliaklqana
Kikubaaqudgha
Makhleb
Nemelex Xobeh
Okawaru
Qazlal
Ru
Sif Muna
Uskayaw
Wu Jian
Xom
Yredelemnul
Zin
The Shining One


Innate Abilities, Weirdness & Mutations

You are a tree.
Your roots penetrate the ground, keeping you stationary.
You cannot be teleported.
You are immune to unholy pain and torment.
Your maximum health is greatly increased.
Your equipment is partially melded.
You are immune to sickness and miasma.
((Your stone body is resilient. (AC +6)))
You are immune to poison.
You resist negative energy. (rN+)
((You are resistant to electric shocks. (rElec)))
You are resistant to unholy torment.
You are immune to petrification.


Message History

The two-headed ogre barely misses you.
You fade into invisibility!
You shoot an arrow. The arrow hits the two-headed ogre!
The two-headed ogre is moderately wounded.
The two-headed ogre hits you with a +0 giant spiked club!!
* * * LOW HITPOINT WARNING * * *
The two-headed ogre misses you.
You are too injured to fight recklessly!
You are too injured to fight recklessly!
You are too injured to fight recklessly!
You feel much better. The two-headed ogre barely misses you.
The two-headed ogre hits you with a +0 giant spiked club!
Okay, then.
Unknown command.
Unknown command.
Unknown command.
Okay, then.
You flicker for a moment.
Found a stone staircase leading down.
You flicker back into view.
Really quaff the potion of lignification?
You turn into a tree.
Your +2 cloak melds into your body.
Your +2 helmet melds into your body.
Your +0 ring mail of willpower melds into your body.
You feel less strong-willed.
Your roots penetrate the ground.
The two-headed ogre hits you with a +0 giant spiked club!
The two-headed ogre hits you with a +0 giant spiked club.
You are now empty-handed.
You hit the two-headed ogre.
The two-headed ogre is moderately wounded.
The two-headed ogre hits you with a +0 giant spiked club!!
* * * LOW HITPOINT WARNING * * *
The two-headed ogre completely misses you.
You smack the two-headed ogre!
The two-headed ogre is moderately wounded.
You hit the two-headed ogre but do no damage.
The two-headed ogre is moderately wounded.
The two-headed ogre hits you but does no damage.
The two-headed ogre hits you with a +0 giant spiked club!
You die...

## .#.####..# ### .# ...
##.####..# .# #.#.#
#....#..#.# .# ....
####.#....# .# ...
#....#).### .# #.###
#.####..# .# #>..## #..#
### .# #.###....####.####
.## #.........O♣.....# #.
..# #####...####†##.....>.
#.#####............# ###.#
......#.####.#####.#####.##
..###.....................#
#..##...####.#####..#.#.#.#
........####.#
#........###.#
.#.#.........#
###>.#.#.#....#
........######
#..........#.#


You could see a two-headed ogre.

Vanquished Creatures
  A wraith (D:8)
  Eustachio (D:4)
  Duvessa (D:5)
  A water moccasin (D:5)
  An ice beast (D:6)
  An orc warrior (D:6)
  A black bear (D:8)
  2 centaurs
  A kobold brigand (D:6)
  An elf zombie (Ossuary)
  3 bullfrogs
  A necrophage (D:7)
  A scorpion (D:5)
  A gnoll sergeant (D:6)
  Dowan (D:5)
  5 jellies
  An orc priest (D:6)
  Crazy Yiuf (D:7)
  3 hounds
  A gnoll shaman (D:5)
  2 iguanas
  3 orc wizards
  3 mummies (Ossuary)
  10 gnolls
  13 adders
  2 shadow imps
  3 white imps
  5 adder zombies (Ossuary)
  A worm (D:3)
  3 dart slugs
  17 orcs
  9 endoplasms
  3 giant cockroaches
  2 gnoll zombies (Ossuary)
  7 goblins
  5 hobgoblins
  4 quokkas
  4 ball pythons
  4 bats
  A frilled lizard (D:3)
  2 hobgoblin zombies (Ossuary)
  6 kobolds
  3 kobold zombies (Ossuary)
  3 quokka zombies (Ossuary)
  A rat (D:1)
  2 rat zombies (Ossuary)
147 creatures vanquished.

Vanquished Creatures (others)
  7 plants (D:4)
7 creatures vanquished.

Grand Total: 154 creatures vanquished

Notes
Turn   | Place    | Note
-------+----------+-------------------------------------------
     0 | D:1      | HoaS the Gargoyle Hunter began the quest for the Orb.
     0 | D:1      | Reached XP level 1. HP: 12/12 MP: 1/1
   227 | D:1      | Reached XP level 2. HP: 17/17 MP: 2/2
  1077 | D:2      | Reached skill level 5 in Ranged Weapons
  1077 | D:2      | Reached XP level 3. HP: 21/21 MP: 3/3
  1375 | D:2      | Reached XP level 4. HP: 25/26 MP: 4/4
  1925 | D:3      | Found a faded altar of an unknown god.
  1926 | D:3      | You fall into a shaft and drop 1 floor!
  2061 | D:4      | Reached skill level 6 in Ranged Weapons
  2299 | D:3      | Reached XP level 5. HP: 30/30 MP: 5/5
  2457 | D:4      | Noticed Eustachio
  2881 | D:4      | Noticed a centaur
  2892 | D:4      | Killed a centaur
  2893 | D:4      | Reached skill level 7 in Ranged Weapons
  2893 | D:4      | Reached XP level 6. HP: 30/35 MP: 6/6
  2975 | D:4      | Killed Eustachio
  2976 | D:4      | Reached skill level 8 in Ranged Weapons
  3370 | D:4      | Reached XP level 7. HP: 28/40 MP: 7/7
  3694 | D:5      | Entered Level 5 of the Dungeon
  3694 | D:5      | Noticed Duvessa
  3694 | D:5      | Noticed Dowan
  3849 | D:5      | Found a glowing silver altar of Zin.
  3894 | D:5      | Found a staircase to the Ecumenical Temple.
  3902 | Temple   | Entered the Ecumenical Temple
  4073 | Temple   | Became a worshipper of Makhleb the Destroyer
  4690 | D:6      | Found a sand-covered staircase.
  4696 | Ossuary  | Entered an ossuary
  5044 | Ossuary  | Reached skill level 9 in Ranged Weapons
  5177 | Ossuary  | Reached * piety under Makhleb
  5456 | D:6      | Reached XP level 8. HP: 44/44 MP: 8/8
  5528 | D:6      | Reached skill level 10 in Ranged Weapons
  6203 | D:6      | Reached skill level 11 in Ranged Weapons
  6452 | D:5      | Reached ** piety under Makhleb
  6781 | D:5      | Reached XP level 9. HP: 48/48 MP: 9/9
  6935 | D:5      | Killed Duvessa
  6936 | D:5      | Reached skill level 12 in Ranged Weapons
  6941 | D:5      | Killed Dowan
  7209 | D:7      | Found an ornate altar of the Wu Jian Council.
  7309 | D:7      | Found a runed translucent door.
  7310 | D:7      | Noticed Crazy Yiuf
  7694 | D:7      | Killed Crazy Yiuf
  7959 | D:8      | Noticed a two-headed ogre
  8008 | D:8      | HP: 2/72 [two-headed ogre/+0 giant spiked club (22)]
  8010 | D:8      | Mangled by a two-headed ogre

Illustrated notes

Levels and vault maps discovered:
D:1:      dpeg_arrival_rooms_a, layout_basic
D:2:      layout_rooms, serial_forest, infiniplex_forest_straight_5,
          infiniplex_forest_straight_4, infiniplex_forest_clump_tiny,
          infiniplex_forest_lined_room_3
D:3:      layout_loops_ring, dreamdust_ecumenical_altar_hidden_monk_grotto
D:4:      layout_layer_cave, serial_bayou_crossing, uniq_eustachio
D:5:      layout_loops_ring, mainiacjoe_overflow_small_starburst,
          minmay_temple_entry_butterflies, uniq_duvessa
D:6:      layout_loops_ring, nicolae_ossuary_entry_plus, minmay_bent
D:7:      layout_rooms, mainiacjoe_overflow_alcove_2, minmay_misc_feat_iff,
          uniq_crazy_yiuf_cottage
D:8:      layout_loops_ring, mainiacjoe_overflow_cross_hatched,
          serial_co_window_serial, co_window_paths_a, co_window_cross_1,
          co_window_corner_a, co_window_paths_a, co_window_of_opportunity_a,
          co_window_paths_b, co_window_paths_a, co_window_2corner,
          co_window_corner_b, co_window_unsneaky_path_e, co_window_corner_ca,
          co_window_unsneaky_path_e, glass_columns_c, glass_columns_a,
          glass_columns_b
Temple:   minmay_crystal_spiral_temple

Skill      XL: |  1  2  3  4  5  6  7  8  9 |
---------------+----------------------------+-----
Ranged Weapons | 5 6 7 8 9 11 12 | 12.9
Fighting       | |  2.1
Dodging        | |  1.5
Stealth        | |  1.1

Action                   |  1- 3 |  4- 6 |  7- 9 || total
-------------------------+-------+-------+-------++-------
Melee: Unarmed           |       |       |     3 ||     3
 Fire: Shortbow          |    80 |   148 |   354 ||   582
  Use: Scroll            |     5 |     3 |    13 ||    21
       Potion            |       |     1 |     5 ||     6
Armor: Leather armour    |    11 |    34 |    19 ||    64
       Ring mail         |       |       |    46 ||    46
       Skin              |       |       |     1 ||     1
Dodge: Dodged            |    17 |    49 |    70 ||   136

Table legend: (Time is in decaauts)
 A = Elapsed time spent in this place.
 B = Non-inter-level travel time spent in this place.
 C = Inter-level travel time spent in this place.
 D = Time resting spent in this place.
 E = Time spent auto-exploring this place.
 F = Levels seen in this place.
 G = Mean time per level.
                   A        B        C        D        E       F      G
               +--------+--------+--------+--------+--------+-----+--------+
         Total |   8100 |   7470 |    630 |   1461 |   4819 |  10 |  810.0 |
       Dungeon |   7294 |   6749 |    545 |   1081 |   4616 |   8 |  911.8 |
        Temple |    213 |    128 |     85 |      0 |    112 |   1 |  213.0 |
       Ossuary |    592 |    592 |      0 |    380 |     91 |   1 |  592.0 |
               +--------+--------+--------+--------+--------+-----+--------+

Top non-repeatable levels by time:
     D:6: 1733 daAuts
     D:4: 1620 daAuts
     D:1: 1058 daAuts
     D:5: 726 daAuts
     D:3: 695 daAuts
     D:7: 646 daAuts
 Ossuary: 592 daAuts
     D:2: 574 daAuts
     D:8: 240 daAuts
  Temple: 213 daAuts
